SAA
ATHLETIC CLUB KC ACADEMY @ IRVING BLUE SOX
08/19/2030
 
TOP OF THE 1ST
Athletic Club KC Academy batting - Pitching for Irving Blue Sox : RHP Jorge Villanueva
Pitching: RHP Jorge Villanueva
Batting: LHB Takayuki Yoshikawa 0-0: Swinging Strike
0-1: Ball
1-1: Ball
2-1: Foul Ball, location: 2F
2-2: Ball
3-2: Base on Balls
Batting: RHB Colin Bottone 0-0: Called Strike
Pickoff Throw to First - Error! E1
Takayuki Yoshikawa to second
0-1: Called Strike
0-2: Strikes out looking
Batting: LHB Ramón Morterero 0-0: Ball
1-0: Ball
2-0: Foul Ball, location: 2F
2-1: SINGLE (Flyball, 7LS)
Takayuki Yoshikawa to third
Runner from 3rd tries for Home, SAFE, no throw
Batting: LHB Chi-hun Chong 0-0: Ball
1-0: Foul Ball, location: 2F
1-1: Fielders Choice at 2nd, 6-4 (Groundball, 6)
Batting: RHB Roger Caffyn 0-0: Ball
Chi-hun Chong is caught stealing 2nd base
Top of the 1st over - 1 run, 1 hit, 1 error, 0 left on base; Athletic Club KC Academy 1 - Irving 0
BOTTOM OF THE 1ST
Irving Blue Sox batting - Pitching for Athletic Club KC Academy : RHP Lester Roadley
Pitching: RHP Lester Roadley
Batting: RHB Carlos Ramírez 0-0: Fly out, F9 (Line Drive, 9)
Batting: RHB Tom Boyer 0-0: Ball
1-0: Ball
2-0: Ball
3-0: Base on Balls
Batting: LHB Bartolo Soto 0-0: Called Strike
0-1: Called Strike
0-2: Ball
1-2: Fly out, F7 (Flyball, 7LS)
Batting: LHB Myron Rosenbalm 0-0: Ball
1-0: Ball
2-0: Foul Ball, location: 2F
2-1: Foul Ball, location: 2F
2-2: Ball
3-2: Foul Ball, location: 2F
3-2: Foul Ball, location: 2F
3-2: Foul Ball, location: 2F
3-2: Base on Balls
Tom Boyer to second
Batting: RHB Scott Donlan 0-0: Ball
1-0: TRIPLE (Flyball, 8LXD)
Tom Boyer scores
Myron Rosenbalm scores
Batting: RHB Cisco Hernández 0-0: Called Strike
0-1: Called Strike
0-2: Ball
1-2: Ball
2-2: Foul Ball, location: 2F
2-2: Ball
3-2: Fly out, F8 (Flyball, 8RM)
Bottom of the 1st over - 2 runs, 1 hit, 0 errors, 1 left on base; Athletic Club KC Academy 1 - Irving 2
TOP OF THE 2ND
Athletic Club KC Academy batting - Pitching for Irving Blue Sox : RHP Jorge Villanueva
Batting: RHB Roger Caffyn 0-0: Foul Ball, location: 2F
0-1: Ball
1-1: Swinging Strike
1-2: Ball
2-2: Ball
3-2: SINGLE (Flyball, 8RS)
Batting: RHB Tae-kyun Chon 0-0: Ball
1-0: Called Strike
Roger Caffyn steals 2nd base
1-1: SINGLE (Groundball, 6MD)
Roger Caffyn to third
Runner from 3rd tries for Home, SAFE, throw made home
Batting: RHB Dewey Nauss 0-0: Ball
1-0: Foul Ball, location: 2F
1-1: Foul Ball, location: 2F
1-2: Ball
2-2: Ball
3-2: SINGLE (Groundball, 56D)
Tae-kyun Chon to second
Tae-kyun Chon to third
Batting: RHB Tasuku Goto 0-0: Ball
1-0: Foul Ball, location: 2F
1-1: Foul Ball, location: 2F
1-2: Ball
2-2: Strikes out swinging
Batting: RHB Troy Whitehurst 0-0: Ball
1-0: Called Strike
1-1: SINGLE (Groundball, 56D)
Tae-kyun Chon scores
Dewey Nauss to second
Batting: LHB Takayuki Yoshikawa 0-0: Called Strike
0-1: Swinging Strike
0-2: Ball
1-2: Ball
2-2: Ball
3-2: Foul Ball, location: 2F
3-2: Fielders Choice at 2nd, 6-4 (Groundball, 6)
Dewey Nauss to third
Batting: RHB Colin Bottone 0-0: Ball
1-0: Ball
2-0: Fly out, F8 (Line Drive, 89M)
Top of the 2nd over - 2 runs, 4 hits, 0 errors, 2 left on base; Athletic Club KC Academy 3 - Irving 2
BOTTOM OF THE 2ND
Irving Blue Sox batting - Pitching for Athletic Club KC Academy : RHP Lester Roadley
Batting: RHB Scotty Smalls 0-0: Ball
1-0: Foul Ball, location: 2F
1-1: Ball
2-1: Fly out, F8 (Line Drive, 8RD)
Batting: RHB Sung-min Pae 0-0: Foul Ball, location: 2F
0-1: Ball
1-1: Ball
2-1: Foul Ball, location: 2F
2-2: Ball
3-2: Fly out, F7 (Flyball, 78D)
Batting: LHB Ramón Rivera 0-0: Ball
1-0: Fly out, F8 (Flyball, 8LD)
Bottom of the 2nd over - 0 runs, 0 hits, 0 errors, 0 left on base; Athletic Club KC Academy 3 - Irving 2
TOP OF THE 3RD
Athletic Club KC Academy batting - Pitching for Irving Blue Sox : RHP Jorge Villanueva
Batting: LHB Ramón Morterero 0-0: Called Strike
0-1: Ball
1-1: Ball
2-1: Called Strike
2-2: Ball
3-2: Foul Ball, location: 2F
3-2: Foul Ball, location: 2F
3-2: Base on Balls
Batting: LHB Chi-hun Chong 0-0: Fly out, F6 (Line Drive, 56)
Batting: RHB Roger Caffyn 0-0: Ball
1-0: Swinging Strike
1-1: Ball
2-1: SINGLE (Groundball, 6S) (infield hit)
Ramón Morterero to second
Batting: RHB Tae-kyun Chon 0-0: Ball
1-0: Foul Ball, location: 2F
1-1: Fielders Choice at 2nd, 5-4 (Groundball, 56)
Ramón Morterero to third
Batting: RHB Dewey Nauss 0-0: Ball
Tae-kyun Chon steals 2nd base
1-0: Ball
2-0: Swinging Strike
2-1: SINGLE (Line Drive, 56D)
Ramón Morterero scores
Tae-kyun Chon to third
Runner from 3rd tries for Home, SAFE, no throw
Batting: RHB Tasuku Goto 0-0: DOUBLE (Groundball, 5L)
Dewey Nauss to third
Batting: RHB Troy Whitehurst 0-0: Ball
1-0: Ball
2-0: Ball
3-0: Called Strike
3-1: Base on Balls
Batting: LHB Takayuki Yoshikawa 0-0: Ball
1-0: Ball
2-0: Called Strike
2-1: Ball
3-1: Base on Balls
Dewey Nauss scores
Tasuku Goto to third
Troy Whitehurst to second
Batting: RHB Colin Bottone 0-0: Fly out, F8 (Line Drive, 8RD)
Top of the 3rd over - 3 runs, 3 hits, 0 errors, 3 left on base; Athletic Club KC Academy 6 - Irving 2
BOTTOM OF THE 3RD
Irving Blue Sox batting - Pitching for Athletic Club KC Academy : RHP Lester Roadley
Batting: RHB Carlos Ramírez 0-0: Swinging Strike
0-1: Ball
1-1: Ball
2-1: Called Strike
2-2: Ball
3-2: Foul Ball, location: 2F
3-2: SINGLE (Groundball, 6MD)
Batting: RHB Tom Boyer 0-0: Foul Ball, location: 2F
0-1: Ball
1-1: Ball
2-1: Foul Ball, location: 2F
2-2: Foul Ball, location: 2F
2-2: Fielders Choice at 2nd, 6-4 (Groundball, 6)
Batting: LHB Bartolo Soto 0-0: Ball
1-0: Foul Ball, location: 2F
1-1: Foul Ball, location: 2F
1-2: Ball
2-2: Fly out, F6 (Flyball, 6MD)
Batting: LHB Myron Rosenbalm 0-0: Swinging Strike
0-1: Fielders Choice at 2nd, 6-4 (Groundball, 6)
Bottom of the 3rd over - 0 runs, 1 hit, 0 errors, 1 left on base; Athletic Club KC Academy 6 - Irving 2
TOP OF THE 4TH
Athletic Club KC Academy batting - Pitching for Irving Blue Sox : RHP Jorge Villanueva
Batting: LHB Ramón Morterero 0-0: Called Strike
0-1: Called Strike
0-2: SINGLE (Line Drive, 4MD)
Batting: LHB Chi-hun Chong 0-0: Ball
1-0: Reached on error, E6 (Groundball, 6S)
Ramón Morterero to second
Batting: RHB Roger Caffyn 0-0: Foul Ball, location: 2F
0-1: Called Strike
0-2: Ball
1-2: Foul Ball, location: 2F
1-2: Strikes out swinging
Batting: RHB Tae-kyun Chon 0-0: Ball
1-0: Ground out 5-3 (Groundball, 56S)
Ramón Morterero to third
Chi-hun Chong to second
Batting: RHB Dewey Nauss 0-0: Ball
1-0: Swinging Strike
1-1: Foul Ball, location: 2F
1-2: Fly out, F7 (Flyball, 7)
Top of the 4th over - 0 runs, 1 hit, 1 error, 2 left on base; Athletic Club KC Academy 6 - Irving 2
BOTTOM OF THE 4TH
Irving Blue Sox batting - Pitching for Athletic Club KC Academy : RHP Lester Roadley
Batting: RHB Scott Donlan 0-0: Ball
1-0: Swinging Strike
1-1: Foul Ball, location: 2F
1-2: Ball
2-2: Foul Ball, location: 2F
2-2: Ball
3-2: Base on Balls
Batting: RHB Cisco Hernández 0-0: Ball
1-0: Ball
2-0: Ball
3-0: Base on Balls
Scott Donlan to second
Batting: RHB Scotty Smalls 0-0: Called Strike
0-1: Ball
1-1: Foul Ball, location: 2F
1-2: Grounds into double play, 5-4-3 (Groundball, 5)
Scott Donlan to third
Batting: RHB Sung-min Pae 0-0: Called Strike
0-1: Ground out U3 (Groundball, 3L)
Bottom of the 4th over - 0 runs, 0 hits, 0 errors, 1 left on base; Athletic Club KC Academy 6 - Irving 2
TOP OF THE 5TH
Athletic Club KC Academy batting - Pitching for Irving Blue Sox : RHP Jorge Villanueva
Batting: RHB Tasuku Goto 0-0: Ball
1-0: Called Strike
1-1: SINGLE (Line Drive, 8LS)
Batting: RHB Troy Whitehurst 0-0: Ball
1-0: Fly out, F7 (Flyball, 78S)
Batting: LHB Takayuki Yoshikawa 0-0: Ball
1-0: Foul Ball, location: 2F
1-1: Ground out 4-3 (Groundball, 34)
Tasuku Goto to second
Batting: RHB Colin Bottone 0-0: Ball
1-0: Called Strike
1-1: Ball
2-1: Ball
3-1: SINGLE (Line Drive, 8RS)
Tasuku Goto to third
Runner from 3rd tries for Home, SAFE, no throw
Batting: LHB Ramón Morterero 0-0: Ball
1-0: Foul Ball, location: 2F
1-1: Ball
2-1: Foul Ball, location: 2F
2-2: Ground out 4-3 (Groundball, 4)
Top of the 5th over - 1 run, 2 hits, 0 errors, 1 left on base; Athletic Club KC Academy 7 - Irving 2
BOTTOM OF THE 5TH
Irving Blue Sox batting - Pitching for Athletic Club KC Academy : RHP Lester Roadley
Batting: LHB Ramón Rivera 0-0: Called Strike
0-1: Ball
1-1: Ball
2-1: Swinging Strike
2-2: Ball
3-2: Base on Balls
Batting: RHB Carlos Ramírez 0-0: Called Strike
0-1: Foul Ball, location: 2F
0-2: Ball
1-2: SINGLE (Flyball, 89M)
Ramón Rivera to second
Runner from 2nd tries for 3rd, SAFE, no throw
Batting: RHB Tom Boyer 0-0: Ball
1-0: Called Strike
1-1: Ball
2-1: Ball
3-1: Foul Ball, location: 2F
3-2: Base on Balls
Carlos Ramírez to second
Pitching: RHP Bob Sosa
Batting: LHB Bartolo Soto 0-0: Fielders Choice at 2nd, 4-6 (Groundball, 4)
Ramón Rivera scores
Carlos Ramírez to third
Batting: LHB Myron Rosenbalm 0-0: Called Strike
0-1: Called Strike
Bartolo Soto steals 2nd base
0-2: Ball
1-2: Ball
2-2: Ball
3-2: Base on Balls
Batting: RHB Scott Donlan 0-0: Fly out, F9 (Flyball, 9LDF)
Runner from 3rd tags up, SCORES, no throw
Bartolo Soto to third
Batting: RHB Cisco Hernández 0-0: Called Strike
0-1: Swinging Strike
0-2: Strikes out swinging
Bottom of the 5th over - 2 runs, 1 hit, 0 errors, 2 left on base; Athletic Club KC Academy 7 - Irving 4
TOP OF THE 6TH
Athletic Club KC Academy batting - Pitching for Irving Blue Sox : RHP Jorge Villanueva
Pitching: RHP John Vaillancourt
Batting: LHB Chi-hun Chong 0-0: Ball
1-0: Called Strike
1-1: Ball
2-1: Ball
3-1: Fly out, F8 (Line Drive, 8RM)
Batting: RHB Roger Caffyn 0-0: Foul Ball, location: 2F
0-1: Ball
1-1: Called Strike
1-2: Strikes out swinging
Batting: RHB Tae-kyun Chon 0-0: Called Strike
0-1: Ball
1-1: Ball
2-1: Called Strike
2-2: Ball
3-2: SINGLE (Groundball, 6MD)
Batting: RHB Dewey Nauss 0-0: Ball
Tae-kyun Chon is caught stealing 2nd base
Top of the 6th over - 0 runs, 1 hit, 0 errors, 0 left on base; Athletic Club KC Academy 7 - Irving 4
BOTTOM OF THE 6TH
Irving Blue Sox batting - Pitching for Athletic Club KC Academy : RHP Bob Sosa
Batting: RHB Scotty Smalls 0-0: Ball
1-0: Ball
2-0: Foul Ball, location: 2F
2-1: Ball
3-1: Fly out, F9 (Flyball, 89M)
Batting: RHB Sung-min Pae 0-0: Ball
1-0: Ground out 6-3 (Groundball, 6S)
Batting: LHB Ramón Rivera 0-0: Ball
1-0: Foul Ball, location: 2F
1-1: Ball
2-1: Foul Ball, location: 2F
2-2: Ball
3-2: Foul Ball, location: 2F
3-2: Base on Balls
Batting: RHB Carlos Ramírez 0-0: Swinging Strike
Throwing error on steal attempt, E2
Ramón Rivera to third
0-1: Swinging Strike
0-2: Ball
1-2: Ball
2-2: Ball
3-2: Foul Ball, location: 2F
3-2: Strikes out swinging
Bottom of the 6th over - 0 runs, 0 hits, 1 error, 1 left on base; Athletic Club KC Academy 7 - Irving 4
TOP OF THE 7TH
Athletic Club KC Academy batting - Pitching for Irving Blue Sox : RHP John Vaillancourt
Batting: RHB Dewey Nauss 0-0: Called Strike
0-1: Foul Ball, location: 2F
0-2: Ground out 5-3 (Groundball, 56)
Batting: RHB Tasuku Goto 0-0: Called Strike
0-1: Fly out, F6 (Line Drive, 6M)
Batting: RHB Troy Whitehurst 0-0: Ball
1-0: Foul Ball, location: 2F
1-1: Foul Ball, location: 2F
1-2: Strikes out swinging
Top of the 7th over - 0 runs, 0 hits, 0 errors, 0 left on base; Athletic Club KC Academy 7 - Irving 4
BOTTOM OF THE 7TH
Irving Blue Sox batting - Pitching for Athletic Club KC Academy : RHP Bob Sosa
Now in RF: Arturo Annunziato
Batting: RHB Tom Boyer 0-0: Ball
1-0: Foul Ball, location: 2F
1-1: Foul Ball, location: 2F
1-2: Strikes out looking
Batting: LHB Bartolo Soto 0-0: Called Strike
0-1: Foul Ball, location: 2F
0-2: Ground out 5-3 (Groundball, 5L)
Batting: LHB Myron Rosenbalm 0-0: Swinging Strike
0-1: Foul Ball, location: 2F
0-2: Foul Ball, location: 2F
0-2: Foul Ball, location: 2F
0-2: Fly out, F7 (Flyball, 7S)
Bottom of the 7th over - 0 runs, 0 hits, 0 errors, 0 left on base; Athletic Club KC Academy 7 - Irving 4
TOP OF THE 8TH
Athletic Club KC Academy batting - Pitching for Irving Blue Sox : RHP John Vaillancourt
Batting: LHB Takayuki Yoshikawa 0-0: Ball
1-0: Ball
2-0: Called Strike
2-1: Ball
3-1: Swinging Strike
3-2: Fly out, F8 (Flyball, 8LD)
Batting: RHB Colin Bottone 0-0: Ball
1-0: Foul Ball, location: 2F
1-1: Called Strike
1-2: Foul Ball, location: 2F
1-2: Foul Ball, location: 2F
1-2: Strikes out swinging
Batting: LHB Ramón Morterero 0-0: Called Strike
0-1: Fly out, F6 (Popup, 56D)
Top of the 8th over - 0 runs, 0 hits, 0 errors, 0 left on base; Athletic Club KC Academy 7 - Irving 4
BOTTOM OF THE 8TH
Irving Blue Sox batting - Pitching for Athletic Club KC Academy : RHP Bob Sosa
Now at 2B: Roberto Romero
Batting: RHB Scott Donlan 0-0: Called Strike
0-1: Foul Ball, location: 2F
0-2: Foul Ball, location: 2F
0-2: Ball
1-2: Strikes out looking
Batting: RHB Cisco Hernández 0-0: Called Strike
0-1: Foul Ball, location: 2F
0-2: Foul Ball, location: 2F
0-2: Foul Ball, location: 2F
0-2: Ball
1-2: Ground out 6-3 (Groundball, 6)
Batting: RHB Scotty Smalls 0-0: Ball
1-0: Foul Ball, location: 2F
1-1: Ball
2-1: Ball
3-1: Foul Ball, location: 2F
3-2: Strikes out swinging
Bottom of the 8th over - 0 runs, 0 hits, 0 errors, 0 left on base; Athletic Club KC Academy 7 - Irving 4
TOP OF THE 9TH
Athletic Club KC Academy batting - Pitching for Irving Blue Sox : RHP John Vaillancourt
Batting: LHB Chi-hun Chong 0-0: Ball
1-0: Called Strike
1-1: Foul Ball, location: 2F
1-2: Ball
2-2: Strikes out swinging
Batting: RHB Roger Caffyn 0-0: Fly out, F7 (Flyball, 78S)
Batting: RHB Tae-kyun Chon 0-0: Ball
1-0: Called Strike
1-1: SINGLE (Groundball, 6D)
Batting: RHB Dewey Nauss 0-0: Called Strike
0-1: Ball
1-1: Ball
Tae-kyun Chon steals 2nd base
2-1: Foul Ball, location: 2F
2-2: Foul Ball, location: 2F
2-2: Ball
3-2: Base on Balls
Batting: RHB Tasuku Goto 0-0: Called Strike
0-1: Foul Ball, location: 2F
0-2: Ball
1-2: Ball
2-2: SINGLE (Groundball, 25) (infield hit)
Tae-kyun Chon to third
Dewey Nauss to second
Pitching: RHP Willie Simmons
Pinch Hitting: LHB Pablo Hernández 0-0: Ball
1-0: Called Strike
1-1: Called Strike
1-2: Ball
2-2: Fly out, F8 (Flyball, 8LM)
Top of the 9th over - 0 runs, 2 hits, 0 errors, 3 left on base; Athletic Club KC Academy 7 - Irving 4
BOTTOM OF THE 9TH
Irving Blue Sox batting - Pitching for Athletic Club KC Academy : RHP Bob Sosa
Pitching: RHP Alberto Ortíz
Now in CF: Pablo Hernández
Batting: RHB Sung-min Pae 0-0: Ball
1-0: Ball
2-0: Ball
3-0: Called Strike
3-1: Base on Balls
Batting: LHB Ramón Rivera 0-0: Foul Ball, location: 2F
0-1: Foul Ball, location: 2F
0-2: Foul Ball, location: 2F
0-2: Ball
1-2: Ball
2-2: Ball
3-2: Foul Ball, location: 2F
3-2: Strikes out swinging
Batting: RHB Carlos Ramírez 0-0: Called Strike
0-1: Fielders Choice at 2nd, 1-6 (Groundball, P)
Batting: RHB Tom Boyer 0-0: Ball
1-0: Foul Ball, location: 2F
1-1: Ball
2-1: Foul Ball, location: 2F
2-2: Foul Ball, location: 2F
2-2: Fielders Choice at 2nd, 6-4 (Groundball, 6)
Bottom of the 9th over - 0 runs, 0 hits, 0 errors, 1 left on base; Athletic Club KC Academy 7 - Irving 4
Sunday, March 18th, 2018 - OOTP Baseball 18.8 Build 76